 Dungeon Crawl Stone Soup version 0.17-a0-1508-ge7f3dc3 (webtiles) character file.

336 urechis the Covert (level 6, -3/38 HPs)
             Began as a Kobold Berserker on July 10, 2015.
             Was a Believer of Trog.
             Slain by an orc
             ... wielding a +0 morningstar
              (12 damage)
             ... on level 5 of the Dungeon.
             The game lasted 00:04:37 (1882 turns).

urechis the Covert (Kobold Berserker)               Turns: 1882, Time: 00:04:37

Health: -3/38      AC:  3    Str: 15    XL:     6   Next: 84%
Magic:  6/6        EV: 15    Int:  5    God:    Trog [**....]
Gold:   123        SH:  0    Dex: 18    Spells: 0 memorised, 5 levels left

rFire  . . .     SeeInvis .     a - +0 short sword
rCold  . . .     Clarity  .     b - +0 animal skin
rNeg   . . .     SustAt   .     (shield restricted)
rPois  .         Gourm    .     (no helmet)
rElec  .         Spirit   .     m - +0 cloak
rCorr  .         Warding  .     (no gloves)
rMut   .         Stasis   .     (no boots)
MR     .....                    (no amulet)
Stlth  ++++......               (no ring)
                                (no ring)

@: exhausted, slowed, very slow, not resistant to hostile enchantments, stealthy
A: carnivore 3
a: Burn Spellbooks, Berserk, Trog's Hand, Renounce Religion


You were on level 5 of the Dungeon.
You worshipped Trog.
Trog was pleased with you.
You were full.

You visited 1 branch of the dungeon, and saw 4 of its levels.

You collected 123 gold pieces.

Inventory:

Hand weapons
 a - a +0 short sword (weapon)
Armour
 b - a +0 animal skin (worn)
 m - a +0 cloak (worn)
Jewellery
 e - an uncursed ring of stealth {unknown}
Scrolls
 d - 4 scrolls of remove curse {unknown}
 g - 2 scrolls of teleportation {unknown}
 j - a scroll of enchant weapon {unknown}
 k - 3 scrolls of identify {unknown}
Potions
 f - a potion of lignification {unknown}
 h - a potion of heal wounds {unknown}
 i - a potion of curing {unknown}
 n - a potion of cure mutation {unknown}
 o - a potion of poison {unknown}
Comestibles
 c - a meat ration
 l - a slice of pizza


   Skills:
 + Level 4.0 Fighting
 + Level 4.9 Short Blades
 - Level 1.5 Armour
 - Level 2.4 Dodging
 - Level 8.0 Stealth


You had 5 spell levels left.
You didn't know any spells.

Dungeon Overview and Level Annotations

Branches:
Dungeon (5/15)
 Temple: D:4-7

Altars:
Dithmenos
Elyvilon
Fedhas
Xom


Innate Abilities, Weirdness & Mutations

You are small and have problems with some larger weapons.
You are carnivorous and can eat meat at any time.


Message History

The crimson imp is moderately wounded.
The crimson imp hits you.
The orc wizard casts a spell.
The orc wizard seems to speed up.
The crimson imp barely misses you.
The crimson imp lashes its tail.
The crimson imp blinks!
The orc wizard points at you and mumbles some strange words.
The puff of flame hits you!
The crimson imp blinks!
The orc wizard gestures at you while chanting.
The magic dart hits you!
* * * LOW HITPOINT WARNING * * *
The crimson imp blinks!
The crimson imp blinks!
The crimson imp closely misses you.
The crimson imp blinks!
You hit the orc.
The orc is lightly wounded.
The orc hits you with a morningstar!
You die...

#### # ##..#####
#.## ##.......#
#...###........##
#@oo.........#
###o.........#####
##g.............
#...........###
#...........#
##...........#
##...........#
#..$.###...#..#
#........##
#..##.#


You could see an orc wizard, 2 orcs and a goblin.

Vanquished Creatures
  Sigmund (D:2)
  A scorpion (D:5)
  An iguana (D:5)
  A worker ant (D:5)
  An adder (D:3)
  2 oozes (D:3)
  An adder skeleton (D:5)
  4 worms
  2 orcs
  5 bats
  2 giant cockroaches (D:1)
  4 goblins
  5 hobgoblins
  4 jackals (D:3)
  2 giant geckos (D:2)
  A giant newt (D:1)
  7 kobolds
  7 rats
51 creatures vanquished.

Notes
Turn   | Place    | Note
--------------------------------------------------------------
     0 | D:1      | urechis the Kobold Berserker began the quest for the Orb.
     0 | D:1      | Reached XP level 1. HP: 14/14 MP: 1/1
    90 | D:1      | Reached skill level 1 in Stealth
   283 | D:1      | Reached XP level 2. HP: 19/19 MP: 2/2
   813 | D:1      | Acquired Trog's second power
   813 | D:1      | Reached XP level 3. HP: 20/23 MP: 3/3
   898 | D:2      | Found a blossoming altar of Fedhas.
  1265 | D:2      | Found a white marble altar of Elyvilon.
  1271 | D:2      | Found a shimmering altar of Xom.
  1354 | D:2      | Noticed Sigmund
  1363 | D:2      | Killed Sigmund
  1363 | D:2      | Reached skill level 7 in Stealth
  1363 | D:2      | Reached XP level 4. HP: 28/28 MP: 4/4
  1363 | D:2      | Reached XP level 5. HP: 32/32 MP: 5/5
  1363 | D:2      | Reached XP level 6. HP: 37/37 MP: 6/6
  1454 | D:3      | Found a shadowy altar of Dithmenos.
  1469 | D:3      | Reached skill level 8 in Stealth
  1552 | D:3      | You fall through a shaft for 2 floors!
  1552 | D:5      | Entered Level 5 of the Dungeon
  1882 | D:5      | Slain by an orc

Vault maps used:
D:1:      erik_arrival_triangle_large
D:2:      grunt_temple_overflow_open, lemuel_doored_altar, uniq_sigmund
D:3:      lemuel_crystal_altar, lemuel_round_altar, cheibrodos_gnoll_hut,
          uniq_robin
D:5:      nicolae_ru_great_annihilating_truth, gammafunk_temple_overflow_statue,
          first_bread

Action                   |  1- 3 |  4- 6 || total
-------------------------+-------+-------++-------
Melee: Short sword       |    97 |   102 ||   199
Invok: Berserk           |     3 |     4 ||     7
       Trog's Hand       |     1 |       ||     1
 Stab: Sleeping          |     9 |     5 ||    14
  Eat: Chunk             |    11 |     5 ||    16
